 Dungeon Crawl Stone Soup version 0.25-a0-701-gb30f108f01 (webtiles) character file.

Game seed: 9595889377126983208, levelgen mode: deterministic

8 Iscandelvey the Poker (level 2, 10/23 HPs)
             Began as a Demonspawn Wanderer on Apr 3, 2020.
             Quit the game on level 1 of the Dungeon.
             The game lasted 00:00:28 (93 turns).

Iscandelvey the Poker (Demonspawn Wanderer)           Turns: 93, Time: 00:00:28

Health: 10/23      AC:  2    Str: 12    XL:     2   Next: 0%
Magic:  2/2        EV: 11    Int: 11    God:
Gold:   15         SH:  0    Dex: 14    Spells: 1/1 levels left

rFire    . . .     SeeInvis .   a - +2 spear
rCold    . . .     Gourm    .   (no shield)
rNeg     . . .     Faith    .   d - +0 robe
rPois    .         Spirit   .   (no helmet)
rElec    .         Reflect  .   (no cloak)
rCorr    .         Harm     .   (no gloves)
MR       .....                  (no boots)
Stlth    ++........             (no amulet)
HPRegen  0.07/turn              (no ring)
MPRegen  0.08/turn              (no ring)

@: no status effects
A: powered by pain 1
a: no special abilities


You were on level 1 of the Dungeon.
You were not hungry.

You visited 1 branch of the dungeon, and saw 1 of its levels.

You collected 15 gold pieces.

Inventory:

Hand Weapons
 a - a +2 spear (weapon)
Armour
 d - a +0 robe (worn)
Potions
 b - a potion of curing
 c - 2 potions of lignification
 e - a potion of stabbing {unknown}
Comestibles
 f - a ration


   Skills:
 + Level 2.4 Fighting
 + Level 2.9 Polearms
 + Level 1.0 Throwing
 + Level 1.8 Armour
 + Level 1.0 Stealth
   Level 1.0 Shields


You had one spell level left.
You didn't know any spells.
Your spell library was empty.

Dungeon Overview and Level Annotations

Branches:
Dungeon (1/15)

Altars:


Innate Abilities, Weirdness & Mutations

You sometimes gain a little power by taking damage.


Message History

The goblin shouts!
The bat hits you but does no damage. The goblin closely misses you.
You hit the goblin.
The goblin is heavily wounded.
The bat barely misses you. The goblin barely misses you.
The bat barely misses you.
You hit the goblin.
You kill the goblin!
The bat hits you. The bat barely misses you. The bat misses you.
You see here a +0 dagger.
You closely miss the bat. The bat closely misses you.
The bat hits you but does no damage. x2
You puncture the bat!
You kill the bat!
You have reached level 2!
Your demonic ancestry asserts itself...
You feel energised by your suffering.
A goblin comes into view. It is wielding a +0 dagger.
Are you sure you want to abandon this character and quit the game? (Confirm with "yes".)

###.#.# #.....##
#.#....####
#....(.)..#.
#...........
#.###..........P
#......).....$.P
#######.#.....P.
#######@P...... ♣
g........PP♣♣P.P♣
##......†P♣♣♣ ..
#........♣P♣.#
#...........#
..........P..#
.#.####...##.###
..)...........(#
♣.♣###....########


You could see a goblin (wandering).

Vanquished Creatures
  A leopard gecko (D:1)
  A giant cockroach (D:1)
  A goblin (D:1)
  2 kobolds (D:1)
  A bat (D:1)
  A rat (D:1)
7 creatures vanquished.

Notes
Turn   | Place    | Note
-------+----------+-------------------------------------------
     0 | D:1      | Iscandelvey the Demonspawn Wanderer began the quest for the
                  | Orb.
     0 | D:1      | Iscandelvey set off with the following items: a +2 spear, a
                  | potion of curing, a potion of lignification, a +0 robe, a
                  | ration
     0 | D:1      | Reached XP level 1. HP: 16/16 MP: 1/1
    91 | D:1      | Gained mutation: You sometimes gain a little power by
                  | taking damage. [demonic ancestry]
    91 | D:1      | Reached XP level 2. HP: 10/23 MP: 2/2
    93 | D:1      | Quit the game

Levels and vault maps discovered:
D:1:      elethiomel_arrival_shortcut, layout_basic, serial_forest,
          infiniplex_forest_straight_5, infiniplex_forest_clump_medium,
          infiniplex_forest_clump_diagonal, infiniplex_forest_clump_double,
          infiniplex_forest_lined_2, infiniplex_forest_lined_room_2,
          infiniplex_forest_clump_long, infiniplex_forest_lined_room_,
          infiniplex_forest_zigzag_2, serial_bayou_pond_c

Action                   || total
-------------------------++-------
Melee: Spear             ||    16
Armor: Robe              ||     4
Dodge: Dodged            ||    12

Table legend:
 A = Non-vault XP
 B = Vault XP
 C = Vault XP percentage of total XP
 D = Non-vault monster count
 E = Vault monster count
 F = Vault count percentage of total count
                 A         B        C        D         E       F
            +---------+---------+-------+---------+---------+-------
      Total |      12 |       0 |   0.0 |       7 |       0 |   0.0
            +---------+---------+-------+---------+---------+-------
        D:1 |      12 |       0 |   0.0 |       7 |       0 |   0.0
            +---------+---------+-------+---------+---------+-------
